 Dungeon Crawl Stone Soup version 0.30-a0-422-g946f4849ff (webtiles) character file.

Game seed: 8187013509009769516

39 zishaf the Gusty (level 3, -8/20 HPs)
             Began as a Tengu Air Elementalist on Dec 8, 2022.
             Killed from afar by an oklob plant (20 damage)
             ... with a splash of acid
             ... created by the enmity of Fedhas Madash
             ... on level 2 of the Dungeon.
             The game lasted 00:01:38 (1756 turns).

zishaf the Gusty (Tengu Air Elementalist)           Turns: 1756, Time: 00:01:39

Health: -8/20      AC:  2    Str:  8    XL:     3   Next: 47%
Magic:  7/7        EV: 12    Int: 17    God:
Gold:   94         SH:  0    Dex: 14    Spells: 5/6 levels left

rFire   . . .      SeeInvis .    (no weapon)
rCold   . . .      Faith    .    (no shield)
rNeg    . . .      Spirit   .    a - +0 robe
rPois   .          Reflect  .    (helmet restricted)
rElec   .          Harm     .    (no cloak)
rCorr   .          Rampage  .    (no gloves)
Will    .....                    (boots unavailable)
Stlth   ++........               (no amulet)
HPRegen 0.23/turn                (no ring)
MPRegen 0.10/turn                (no ring)

@: no status effects
A: beak, talons 3
a: no special abilities


You were on level 2 of the Dungeon.
You visited 1 branch of the dungeon, and saw 2 of its levels.

You collected 94 gold pieces.

Inventory:

Missiles
 f - 4 curare-tipped darts
Armour
 a - a +0 robe (worn)
Scrolls
 c - 2 scrolls of teleportation {unknown}
 e - a scroll of immolation {unknown}
 g - a scroll of summoning {unknown}
 h - a scroll of fear {unknown}
 i - 3 scrolls of identify {unknown}
 j - a scroll of blinking {unknown}
Potions
 b - a potion of magic
 d - a potion of attraction {unknown}


   Skills:
 + Level 1.5 Fighting
 - Level 2.1 Dodging
 - Level 2.0 Stealth
 - Level 2.0 Spellcasting
 + Level 2.7 Conjurations
 + Level 4.7 Air Magic


You had 5 spell levels left.
You knew the following spells:

 Your Spells              Type           Power      Damage    Failure   Level
a - Shock                 Conj/Air       56%        1d6       4%          1

Your spell library contained the following spells:

 Spells                   Type           Power      Damage    Failure   Level
 Static Discharge         Conj/Air       28%        2-4/arc   6%          2
 Swiftness                Air            17%        N/A       9%          3
 Summon Small Mammal      Summ           4%         N/A       19%         1
 Airstrike                Air            8%         2d(2-18)  28%         4
 Call Canine Familiar     Summ           1%         N/A       50%         3
 Summon Guardian Golem    Hex/Summ       1%         N/A       50%         3


Dungeon Overview and Level Annotations

Branches:
Dungeon (2/15)

Altars:
Fedhas

Annotations:
D:2 exclusion: 2 oklob plants


Innate Abilities, Weirdness & Mutations

You have a beak for a mouth.
You have claws for feet.


Message History

A bat is nearby!
Casting: Shock (safe; 4% risk of failure)
Confirm with . or Enter, or press ? or * to list all spells.
You don't have enough magic to cast this spell.
Casting: Shock (safe; 4% risk of failure)
Confirm with . or Enter, or press ? or * to list all spells.
You don't have enough magic to cast this spell.
The bat closely misses you.
You hit the bat but do no damage. The bat closely misses you.
The bat misses you. The bat closely misses you.
You hit the bat but do no damage. Your peck misses the bat.
The bat closely misses you.
You barely miss the bat. The bat closely misses you.
You hit the bat.
The bat is moderately wounded.
The bat hits you but does no damage. The bat hits you but does no damage. x2
Found a grey potion.
Found an escape hatch in the ceiling.
The bat hits you. The bat completely misses you.
You closely miss the bat. You peck the bat.
The bat is severely wounded.
The bat hits you but does no damage. The bat hits you.
The bat hits you but does no damage.
You hit the bat but do no damage. You claw the bat.
You kill the bat!
No target in view!
HP restored.
Plants grow around you in an ominous manner.
Marking area around 2 oklob plants as unsafe for travelling. 2 oklob plants come into view.
You see here 5 gold pieces.
The oklob plant spits acid at you.
The splash of acid hits you! 2 gnolls come into view.
The gnoll shouts!
You hear a shout!
The oklob plant spits acid at you.
Fedhas protects a plant from harm.
The splash of acid hits you!!
Ouch! That really hurt!
You die...

.[ .g..# #..##### ..g.
#...... ... #.###.. .. #.
#.. #...#.. ... #. ..
..###.<.. #.##. .#..
##........ . #..#. ##.#.#
##.........
..##...###@.#.#
#..........
#.....†....##.#
#..........
#....##f.####.#
#...>......
#.PPf####.###..........
#f#.†.....##.........[. .!
##...................
..<.....####.####.........
...#...... #..# ##....####
##......### ##..#
###.)####


You could see 2 oklob plants, 3 wandering mushrooms and 2 gnolls.

Vanquished Creatures
  A dart slug (D:1)
  3 endoplasms
  2 giant cockroaches (D:1)
  4 hobgoblins
  4 jackals (D:1)
  2 quokkas (D:1)
  3 ball pythons
  3 bats
  2 frilled lizards
  2 goblins (D:1)
  6 kobolds
  3 rats
35 creatures vanquished.

Vanquished Creatures (others)
  5 toadstools (D:1)
5 creatures vanquished.

Grand Total: 40 creatures vanquished

Notes
Turn   | Place    | Note
-------+----------+-------------------------------------------
     0 | D:1      | zishaf the Tengu Air Elementalist began the quest for the
                  | Orb.
     0 | D:1      | Reached XP level 1. HP: 10/10 MP: 4/4
   362 | D:1      | Reached XP level 2. HP: 16/16 MP: 0/6
   615 | D:1      | Reached skill level 1 in Fighting
   862 | D:1      | Reached XP level 3. HP: 20/20 MP: 3/7
   914 | D:1      | Found a faded altar of an unknown god.
   941 | D:1      | Prayed at the altar of an unknown god.
   941 | D:1      | Became a worshipper of Fedhas Madash
   941 | D:1      | Reached * piety under Fedhas
  1465 | D:1      | Fell from the grace of Fedhas
  1754 | D:2      | Noticed a wandering mushroom
  1754 | D:2      | Noticed an oklob plant
  1754 | D:2      | Noticed a wandering mushroom
  1754 | D:2      | Noticed an oklob plant
  1754 | D:2      | Noticed a wandering mushroom
  1756 | D:2      | Killed from afar by an oklob plant

Illustrated notes

Levels and vault maps discovered:
D:1:      ldierk_walled_garden, layout_basic, ebering_ecumenical_altar_mist,
          minivault_27
D:2:      cheibrodos_old_hovel, layout_rooms, serial_shops, shop_fountains

Skill      XL: |  1  2 |
---------------+-------+-----
Conjurations   | 2 |  2.7
Fighting       | 1 |  1.5
Dodging        | |  2.1
Stealth        | |  2.0
Spellcasting   | |  2.0
Air Magic      | |  4.7

Action                   || total
-------------------------++-------
Melee: Unarmed           ||    10
       Kick              ||     2
       Peck              ||     2
 Cast: Shock             ||    68
Invok: Renounce Religion ||     1
Armor: Robe              ||     9
Dodge: Dodged            ||    23

Table legend: (Time is in decaauts)
 A = Elapsed time spent in this place.
 B = Non-inter-level travel time spent in this place.
 C = Inter-level travel time spent in this place.
 D = Time resting spent in this place.
 E = Time spent auto-exploring this place.
 F = Levels seen in this place.
 G = Mean time per level.
                   A        B        C        D        E       F      G
               +--------+--------+--------+--------+--------+-----+--------+
         Total |   1755 |   1707 |     48 |      0 |   1539 |   2 |  877.5 |
       Dungeon |   1755 |   1707 |     48 |      0 |   1539 |   2 |  877.5 |
               +--------+--------+--------+--------+--------+-----+--------+

Top non-repeatable levels by time:
     D:1: 1503 daAuts
     D:2: 252 daAuts
